 Dungeon Crawl Stone Soup version 0.25-a0-632-g7713895373 (webtiles) character file.

Game seed: 10634192647225561185, levelgen mode: deterministic

158 Esekla the Magician (level 5, -1/43 HPs)
             Began as a Naga Wizard on Mar 19, 2020.
             Slain by Purgy (5 damage)
             ... on level 2 of the Dungeon.
             The game lasted 00:26:38 (4492 turns).

Esekla the Magician (Naga Wizard)                   Turns: 4492, Time: 00:26:39

Health: -1/43      AC:  3    Str: 10    XL:     5   Next: 39%
Magic:  4/11       EV: 10    Int: 22    God:
Gold:   166        SH:  0    Dex:  9    Spells: 3/12 levels left

rFire    . . .     SeeInvis +   i - +0 short sword
rCold    . . .     Gourm    .   (no shield)
rNeg     . . .     Faith    .   a - +0 robe
rPois    +         Spirit   .   j - +1 hat
rElec    .         Reflect  .   (no cloak)
rCorr    .         Harm     .   (no gloves)
MR       .....                  (no barding)
Stlth    ++........             (no amulet)
HPRegen  0.14/turn              (no ring)
MPRegen  0.12/turn              n - +3 ring of intelligence

@: very slow
A: large, see invisible, deformed body, poison resistance, slowness 2, slow
metabolism 1, spit poison 1, AC +1
a: Spit Poison


You were on level 2 of the Dungeon.
You were not hungry.

You visited 1 branch of the dungeon, and saw 4 of its levels.

You collected 166 gold pieces.

Inventory:

Hand Weapons
 i - a +0 short sword (weapon)
Missiles
 o - 5 boomerangs (quivered)
Armour
 a - a +0 robe (worn)
 j - a +1 hat (worn)
Jewellery
 l - a +2 ring of slaying {unknown}
 n - a +3 ring of intelligence (right hand)
Scrolls
 b - 5 scrolls of remove curse
 f - a scroll of teleportation
 h - 2 scrolls of random uselessness {unknown}
 p - a scroll of enchant armour {unknown}
Potions
 c - a potion of stabbing {unknown}
 e - 5 potions of curing {unknown}
 g - a potion of flight {unknown}
 k - a potion of resistance {unknown}
 m - 2 potions of heal wounds {unknown}
 q - a potion of haste {unknown}
 r - a potion of degeneration {unknown}
Comestibles
 d - 10 rations


   Skills:
 + Level 0.6 Fighting
 + Level 1.3 Short Blades
 - Level 1.5 Dodging
 + Level 3.3 Stealth
 * Level 4.3 Spellcasting
 * Level 2.0 Conjurations
   Level 1.0 Summonings
 * Level 2.3 Translocations


You had 3 spell levels left.
You knew the following spells:

 Your Spells              Type           Power        Failure   Level  Hunger
a - Magic Dart            Conj           ##..         4%          1    None
b - Blink                 Tloc           N/A          6%          2    #......
c - Mephitic Cloud        Conj/Pois/Air  #.......     24%         3    ##.....
f - Conjure Flame         Conj/Fire      #.......     22%         3    ##.....

Your spell library contained the following spells:

 Spells                   Type           Power        Failure   Level  Hunger
 Call Imp                 Summ           #.......     11%         2    #......
 Slow                     Hex            #.......     16%         2    #......


Dungeon Overview and Level Annotations

Branches:
Dungeon (4/15)
 Temple: D:4-7

Altars:

Annotations:
D:2 Purgy


Innate Abilities, Weirdness & Mutations

You cannot wear boots.
Your serpentine skin is tough. (AC +1)
You have supernaturally acute eyesight. (SInv)
Armour fits poorly on your strangely shaped body.
Your system is resistant to poisons. (rPois)
You cover ground very slowly.
You have a slow metabolism.
You can spit poison.


Message History

Which direction?
You close the door.
Purgy opens the door.
There is an open door here.
Purgy closely misses you. Purgy claws you.
* * * LOW HITPOINT WARNING * * *
Purgy claws you but does no damage.
Casting: Blink (safe; 6% risk of failure)
Confirm with . or Enter, or press ? or * to list all spells.
You blink.
You see here a +0 club.
Purgy bites you.
* * * LOW HITPOINT WARNING * * *
Purgy claws you but does no damage. Purgy claws you.
* * * LOW HITPOINT WARNING * * *
There is a stone staircase leading down here.
Purgy closely misses you. Purgy claws you.
* * * LOW HITPOINT WARNING * * *
Purgy closely misses you. Purgy bites you.
You die...

#......#........#
#.........#
##......#........#
#.........#
##......#....##..#
#.........####
###############..#
#......####... ###
#=># ######## #...
..##############.#
#...
..'............#.#
#...
..############.#T#
#...
.<+..........#.#@#
#...
..#####......#.#.#
#...
#............#.#.#
#...
.............#.#.#
#...
...####......'.#.#
#...
...').'......###.#
####
...####......# #.#
...# ######.# #.#
...# #.# #.#


You could see Purgy.

Vanquished Creatures
  A bullfrog skeleton (D:4)
  4 adders
  2 oozes
  A worm (D:3)
  6 dart slugs
  2 leopard geckos (D:2)
  An orc (D:3)
  6 bats
  4 giant cockroaches
  7 hobgoblins
  2 jackals (D:2)
  A frilled lizard (D:2)
  11 goblins
  6 kobolds
  12 rats
66 creatures vanquished.

Vanquished Creatures (others)
  A dart slug (D:3)
1 creature vanquished.

Grand Total: 67 creatures vanquished

Notes
Turn   | Place    | Note
-------+----------+-------------------------------------------
     0 | D:1      | Esekla the Naga Wizard began the quest for the Orb.
     0 | D:1      | Reached XP level 1. HP: 15/15 MP: 4/4
   379 | D:1      | Reached XP level 2. HP: 19/22 MP: 3/6
   633 | D:1      | Learned a level 2 spell: Blink
   888 | D:1      | Reached XP level 3. HP: 21/28 MP: 8/8
   893 | D:1      | Learned a level 3 spell: Mephitic Cloud
   897 | D:1      | Learned a level 3 spell: Conjure Flame
  1612 | D:2      | Reached skill level 4 in Spellcasting
  1612 | D:2      | Reached XP level 4. HP: 22/36 MP: 7/10
  1934 | D:2      | Reached skill level 1 in Short Blades
  3480 | D:3      | Reached XP level 5. HP: 42/42 MP: 5/11
  3791 | D:4      | HP: 1/43 [bullfrog skeleton (2)]
  4099 | D:4      | Noticed Purgy
  4492 | D:2      | Slain by Purgy

Levels and vault maps discovered:
D:1:      noname_arrival_rooms_in_the_neighbourhood, layout_basic,
          serial_co_window_serial, co_window_paths_b, co_window_paths_b,
          co_window_paths_b, co_window_of_opportunity_a, co_window_paths_a,
          co_window_unsneaky_path_c, co_window_cross_2, co_window_cross_4,
          co_window_corner_ca, co_window_corner_b, glass_columns_a,
          glass_columns_c, glass_columns_a, glass_columns_a
D:2:      layout_basic
D:3:      layout_loops_ring, first_ration
D:4:      layout_layer_cave, serial_shops, nicolae_shop_waterfront,
          minmay_close_crescents, uniq_purgy, uniq_natasha, uniq_edmund

Skill      XL: |  1  2  3  4  5 |
---------------+----------------+-----
Translocations | 2 |  2.3
Spellcasting   | 4 |  4.3
Short Blades   | 1 |  1.3
Conjurations   | 2 |  2.0
Fighting       | |  0.6
Dodging        | |  1.5
Stealth        | |  3.3
Summonings     | |  1.0

Action                   |  1- 3 |  4- 6 || total
-------------------------+-------+-------++-------
Melee: Whip              |     4 |       ||     4
       Club              |     1 |       ||     1
       Unarmed           |     1 |       ||     1
       Short sword       |    52 |    63 ||   115
 Cast: Magic Dart        |    49 |    56 ||   105
       Conjure Flame     |       |     3 ||     3
       Blink             |       |     9 ||     9
       Mephitic Cloud    |       |     2 ||     2
 Abil: Spit Poison       |    10 |     8 ||    18
  Use: Scroll            |     6 |     1 ||     7
 Stab: Sleeping          |     1 |     3 ||     4
  Eat: Chunk             |     1 |     5 ||     6
       Ration            |       |     1 ||     1
Armor: Robe              |    19 |    27 ||    46
Dodge: Dodged            |    50 |    76 ||   126

Table legend:
 A = Non-vault XP
 B = Vault XP
 C = Vault XP percentage of total XP
 D = Non-vault monster count
 E = Vault monster count
 F = Vault count percentage of total count
                 A         B        C        D         E       F
            +---------+---------+-------+---------+---------+-------
      Total |     226 |       0 |   0.0 |      66 |       0 |   0.0
            +---------+---------+-------+---------+---------+-------
        D:1 |      55 |       0 |   0.0 |      27 |       0 |   0.0
        D:2 |      77 |       0 |   0.0 |      24 |       0 |   0.0
        D:3 |      44 |       0 |   0.0 |      13 |       0 |   0.0
        D:4 |      50 |       0 |   0.0 |       2 |       0 |   0.0
            +---------+---------+-------+---------+---------+-------
